cohdb
Replays
Latest Replays
All Replays
Popular Replays
Top Player Replays
Match Explorer
How It Works
Community
CoH3 Stats
Reddit
Sign in to upload your games and track your stats! →
Sign in with Steam
Match 42717474
Unlisted
Match 42717474
Overview
Messages
Build Orders
End
Engineer Squad
Construct Barracks
Selects Heavy Weapons
Riflemen Squad
Riflemen Squad
Construct Weapon Support Center
M1919 Machine Gun Team
Mechanized Support Center
Construct Medical Station
Selects M2HB .50cal Heavy Machine Gun
M3 Armored Personnel Carrier
M3 Armored Personnel Carrier
M3 Armored Personnel Carrier
Designate Forward Repair Station
M1918 Browning Automatic Rifles
Grenade Package
Riflemen Squad
Selects Rapid Reposition
Selects Assault Carriers
Construct Tank Depot
M1919 Machine Gun Team
M4A1 Sherman Medium Tank
Bazooka Squad
Bazooka Squad
M4A1 76mm Conversion
Selects Black Dragon Artillery Barrage
Selects Halftrack Strongpoints
Engineer Squad
Black Dragon Artillery Barrage
M4A1(76) Sherman Medium Tank
開信刀
Fonix555
THE FUTURE IS NOW OLD MAN
старик порнхабыч
Valar[M]orgHulis
[PnTh] Gérard De Rillettes
Artanis
Shoyo
0
0
Comments
sign in to comment!
No comments posted yet!